 Dungeon Crawl Stone Soup version 0.30-a0-1164-ge08a67761e (webtiles) character file.

Game seed: 17081628393193804266

240 yokelz the Digger (level 5, -1/29 HPs)
             Began as a Deep Elf Earth Elementalist on Apr 29, 2023.
             Slain by an orc wizard
             ... wielding a +0 dagger
              (3 damage)
             ... on level 3 of the Dungeon.
             The game lasted 00:06:27 (2239 turns).

yokelz the Digger (Deep Elf Earth Elementalist)     Turns: 2239, Time: 00:06:27

Health: -1/29      AC:  4    Str:  5    XL:     5   Next: 79%
Magic:  13/13      EV: 13    Int: 22    God:
Gold:   161        SH:  0    Dex: 15    Spells: 5/13 levels left

rFire   . . .        d - +0 short sword
rCold   . . .        (no shield)
rNeg    . . .        a - +0 robe
rPois   .            n - +0 helmet
rElec   .            o - +0 cloak
rCorr   .            (no gloves)
SInv    .            (no boots)
Will    .....        (no amulet)
Stlth   ++           k - ring of wizardry
HPRegen 0.24/turn    (no ring)
MPRegen 0.13/turn

%: wizardry (x1)
@: no status effects
A: no striking features
a: no special abilities


You were on level 3 of the Dungeon.
You visited 1 branch of the dungeon, and saw 3 of its levels.

You collected 161 gold pieces.

Inventory:

Hand Weapons
 d - a +0 short sword (weapon)
Armour
 a - a +0 robe (worn)
 n - a +0 helmet (worn)
 o - a +0 cloak (worn)
Jewellery
 k - a ring of wizardry (left hand)
Wands
 q - a wand of flame (9)
Scrolls
 e - a scroll of vulnerability {unknown}
 f - 2 scrolls of magic mapping {unknown}
 g - a scroll of poison {unknown}
 l - a scroll of amnesia {unknown}
 m - a scroll of torment {unknown}
 p - 2 scrolls of identify {unknown}
 r - a scroll of fear {unknown}
Potions
 c - a potion of curing {unknown}
 h - a potion of flight {unknown}
 i - a potion of attraction {unknown}
 j - 2 potions of haste {unknown}


   Skills:
 + Level 1.2 Fighting
 + Level 3.2 Dodging
 - Level 2.4 Stealth
 - Level 4.6 Spellcasting
 - Level 1.1 Transmutations
 + Level 5.9 Earth Magic


You had 5 spell levels left.
You knew the following spells:

 Your Spells              Type           Power      Damage    Failure   Level
a - Sandblast             Erth           62%        2d14      1%          1
b - Stone Arrow           Conj/Erth      36%        3d9       4%          3
c - Petrify               Tmut/Erth      20%        N/A       10%         4

Your spell library contained the following spells:

 Spells                   Type           Power      Damage    Failure   Level
 Passwall                 Tmut/Erth      16%        N/A       1%          2


Dungeon Overview and Level Annotations

Branches:
Dungeon (3/15)

Altars:

Shops:
D:3 [

Annotations:
D:2 Sigmund


Message History

The blast of sand hits the goblin!!
You kill the goblin!
Something hits you. Something hits you.
You see here a +1 vampiric dagger.
Something hits you.
Casting: Sandblast (safe; 1% risk of failure)
Confirm with . or Enter, or press ? or * to list all spells.
You can't see any susceptible monsters within range! (Use Z to cast anyway.)
Casting: Sandblast (safe; 1% risk of failure)
Confirm with . or Enter, or press ? or * to list all spells.
Aiming: Stone Arrow (dangerous; 4% risk of failure)
Press: ? - help, Shift-Dir - straight line Something hits you.
Casting: Stone Arrow (dangerous; 4% risk of failure)
Confirm with . or Enter, or press ? or * to list all spells.
You don't have enough magic to cast this spell.
Casting: Stone Arrow (dangerous; 4% risk of failure)
Confirm with . or Enter, or press ? or * to list all spells.
You don't have enough magic to cast this spell.
You miss something. Something hits you.
You barely miss something.
You hear some strange, mumbled words.
A magic dart appears from out of thin air!
The magic dart hits you.
You hit something but do no damage.
You hear some strange, mumbled words.
A magic dart appears from out of thin air!
The magic dart hits you!
You closely miss something. Something hits you but does no damage.
You miss something. Something hits you but does no damage.
You barely miss something. Something hits you.
You miss something. Something hits you but does no damage.
You hit something but do no damage.
You hear some strange, mumbled words.
A puff of flame appears from out of thin air!
The puff of flame hits you!
* * * LOW HITPOINT WARNING * * *
Magic courses through your body. Something hits you.
You die...

##...........####...#.........#
##...........# #....#.......###
.............###....#.......#
##.............#....#.......#
###....#......#....#.......#
#...........#..))#.....
#.......................
.............){...#......
........[....)@#.........
................#####...
#..........####.... ..
###........# ......# .
#........# ......# #.....##.#
......# .......... ..(.
........ #.. ..#.


There were no monsters in sight!

Vanquished Creatures
  Ijyb (D:3)
  Terence (D:3)
  Natasha (thrice) (D:2)
  An orc wizard (D:3)
  Robin (D:2)
  An adder (D:3)
  A worm (D:3)
  2 dart slugs
  4 orcs (D:3)
  6 bats
  An endoplasm (D:2)
  A giant cockroach (D:1)
  11 goblins
  8 hobgoblins
  A quokka (D:1)
  4 ball pythons
  3 frilled lizards
  5 kobolds
  5 rats
60 creatures vanquished.

Vanquished Creatures (others)
  A plant (D:2)
1 creature vanquished.

Grand Total: 61 creatures vanquished

Notes
Turn   | Place    | Note
-------+----------+-------------------------------------------
     0 | D:1      | yokelz the Deep Elf Earth Elementalist began the quest for
                  | the Orb.
     0 | D:1      | Reached XP level 1. HP: 10/10 MP: 6/6
   219 | D:1      | Reached XP level 2. HP: 15/15 MP: 2/8
   511 | D:1      | Reached skill level 4 in Earth Magic
   946 | D:2      | Noticed Sigmund
  1006 | D:2      | Noticed Natasha
  1011 | D:2      | Killed Natasha
  1012 | D:2      | Reached XP level 3. HP: 11/19 MP: 5/10
  1096 | D:2      | Learned a level 3 spell: Stone Arrow
  1104 | D:2      | Noticed Natasha
  1112 | D:2      | Killed Natasha
  1113 | D:2      | Reached XP level 4. HP: 8/24 MP: 1/12
  1182 | D:2      | Learned a level 4 spell: Petrify
  1202 | D:2      | Reached skill level 5 in Earth Magic
  1381 | D:2      | Noticed Natasha
  1387 | D:2      | Killed Natasha
  1446 | D:2      | Noticed Robin
  1449 | D:2      | Killed Robin
  1566 | D:2      | Found a faded altar of an unknown god.
  1653 | D:2      | Reached XP level 5. HP: 28/28 MP: 11/13
  1705 | D:3      | Noticed Ijyb
  1785 | D:3      | Killed Ijyb
  1917 | D:3      | Found Nesexi's Antique Armour Shop.
  1922 | D:3      | Noticed Terence
  1927 | D:3      | Killed Terence
  2007 | D:3      | Reached skill level 1 in Fighting
  2238 | D:3      | HP: 1/29 [something/puff of flame (8)]
  2239 | D:3      | Slain by an orc wizard

Illustrated notes

Levels and vault maps discovered:
D:1:      ncdulo_halloftheorcs, layout_basic, minmay_misc_feat_ornament,
          chequers_serial_rivers_room_a, reono_crystal_passage
D:2:      layout_loops_cross, dreamdust_ecumenical_altar_grove, uniq_robin,
          uniq_sigmund, uniq_natasha
D:3:      layout_basic, nicolae_overflow_crystal_walls, serial_shops, shop,
          uniq_ijyb, uniq_crazy_yiuf_cottage, uniq_terence

Skill      XL: |  1  2  3  4  5 |
---------------+----------------+-----
Earth Magic    | 4 5 |  5.9
Spellcasting   | 4 |  4.6
Dodging        | 3 |  3.2
Fighting       | 1 |  1.2
Stealth        | |  2.4
Transmutations | |  1.1

Action                     |  1- 3 |  4- 6 || total
---------------------------+-------+-------++-------
  Melee: Unarmed           |     1 |       ||     1
         Short sword       |       |    13 ||    13
   Cast: Sandblast         |    45 |    38 ||    83
         Stone Arrow       |     1 |    17 ||    18
    Use: Potion            |       |     1 ||     1
 Armour: Robe              |     2 |     6 ||     8
  Dodge: Dodged            |    11 |    10 ||    21

Table legend: (Time is in decaauts)
 A = Elapsed time spent in this place.
 B = Non-inter-level travel time spent in this place.
 C = Inter-level travel time spent in this place.
 D = Time resting spent in this place.
 E = Time spent auto-exploring this place.
 F = Levels seen in this place.
 G = Mean time per level.
                   A        B        C        D        E       F      G
               +--------+--------+--------+--------+--------+-----+--------+
         Total |   2280 |   2280 |      0 |    513 |   1302 |   3 |  760.0 |
       Dungeon |   2280 |   2280 |      0 |    513 |   1302 |   3 |  760.0 |
               +--------+--------+--------+--------+--------+-----+--------+

Top non-repeatable levels by time:
     D:1: 891 daAuts
     D:2: 853 daAuts
     D:3: 535 daAuts
